 Dungeon Crawl Stone Soup version 0.26.0-11-g8f856b5395 (webtiles) character file.

Game seed: 2646496707152928416

411 Descartes the Magician (level 6, -1/32 HPs)
             Began as a Deep Elf Hedge Wizard on Jan 15, 2021.
             Killed from afar by an orc wizard (4 damage)
             ... with a puff of flame
             ... on level 4 of the Dungeon.
             The game lasted 00:12:19 (4754 turns).

Descartes the Magician (Deep Elf Hedge Wizard)      Turns: 4754, Time: 00:12:20

Health: -1/32      AC:  2    Str:  9    XL:     6   Next: 58%
Magic:  14/15      EV: 12    Int: 19    God:
Gold:   93         SH:  4    Dex: 14    Spells: 14/15 levels left

rFire    + . .     SeeInvis .   q - +0 dagger (venom)
rCold    . . .     Faith    .   m - +0 buckler
rNeg     . . .     Spirit   .   b - +0 robe
rPois    .         Reflect  .   c - +0 hat
rElec    .         Harm     .   (no cloak)
rCorr    .         Rampage  .   (no gloves)
Will     .....                  (no boots)
Stlth    +++.......             o - amulet of regeneration
HPRegen  0.50/turn              g - ring of protection from fire
MPRegen  0.14/turn              (no ring)

@: no status effects
A: no striking features
a: no special abilities


You were on level 4 of the Dungeon.
You visited 1 branch of the dungeon, and saw 4 of its levels.

You collected 93 gold pieces.

Inventory:

Hand Weapons
 a - a +0 dagger
 l - a +0 vampiric dagger
 q - a +0 dagger of venom (weapon)
 r - a +0 long sword
Missiles
 d - 17 arrows
 f - 129 stones
 u - 31 bolts
 v - 6 boomerangs
Armour
 b - a +0 robe (worn)
 c - a +0 hat (worn)
 m - a +0 buckler (worn)
 s - a +0 leather armour
Jewellery
 g - a ring of protection from fire (left hand)
 j - an uncursed amulet of magic regeneration
 o - an amulet of regeneration (around neck)
Wands
 z - a wand of digging (1)
Scrolls
 e - a scroll of blinking {unknown}
 i - 3 scrolls of identify {unknown}
 k - a scroll of teleportation {unknown}
 n - 2 scrolls of magic mapping {unknown}
 t - 3 scrolls of enchant weapon {unknown}
 x - a scroll of remove curse {unknown}
 y - a scroll of immolation {unknown}
Potions
 h - a potion of magic {unknown}
 p - a potion of brilliance {unknown}
 w - 3 potions of heal wounds {unknown}
 A - a potion of curing


   Skills:
 - Level 2.4 Dodging
 - Level 5.0 Stealth
 + Level 2.7 Shields
 - Level 5.0 Spellcasting
 + Level 4.8 Conjurations
 - Level 1.1 Summonings
 - Level 1.1 Translocations


You had 14 spell levels left.
You knew the following spells:

 Your Spells              Type           Power        Failure   Level
a - Magic Dart            Conj           92%          1%          1

Your spell library contained the following spells:

 Spells                   Type           Power        Failure   Level
 Blink                    Tloc           N/A          14%         2
 Call Imp                 Summ           8%           14%         2
 Conjure Flame            Conj/Fire      13%          16%         3
 Slow                     Hex            4%           22%         2
 Mephitic Cloud           Conj/Pois/Air  10%          22%         3


Dungeon Overview and Level Annotations

Branches:
Dungeon (4/15)
 Temple: D:4-7

Altars:
Makhleb
Yredelemnul


Message History

The orc is heavily wounded.
The orc hits you but does no damage.
Your shield prevents you from hitting the orc.
The orc is heavily wounded.
You block the orc's attack.
You hit the orc.
The orc looks even sicker.
The orc is severely wounded.
You kill the orc!
You hit something but do no damage. Something hits you.
You hit something but do no damage. Something hits you.
* * * LOW HITPOINT WARNING * * *
You barely miss something. Something hits you.
* * * LOW HITPOINT WARNING * * *
You miss something. Something hits you but does no damage.
You closely miss something. Something barely misses you.
You miss something.
You hear some strange, mumbled words.
A puff of flame appears from out of thin air!
The puff of flame hits you. You resist.
You die...

.............##.####.#
.........##.........
.........##.###.####
#.#######'###.# .##
........#.###.###..#.
#....................
######.#.###.###.###
##########.#.# #{#
.........#.#.# #@#
########.#.#.# #.#
######.#.#.. ...
#<.......#####.##
##.###.#.# #.#
#.......# #.#
#.###.### #.# #.# #.#
#.# #.# #.#


There were no monsters in sight!

Vanquished Creatures
  Sigmund (D:3)
  A hound (D:3)
  2 orc wizards
  4 gnolls (D:3)
  4 adders
  A worm (D:3)
  3 dart slugs
  3 leopard geckos
  6 orcs
  5 bats
  3 giant cockroaches
  10 goblins
  9 hobgoblins
  2 jackals (D:3)
  4 quokkas
  3 ball pythons
  4 frilled lizards
  5 kobolds
  7 rats
  A spectral orc (D:3)
78 creatures vanquished.

Notes
Turn   | Place    | Note
-------+----------+-------------------------------------------
     0 | D:1      | Descartes the Deep Elf Hedge Wizard began the quest for the
                  | Orb.
     0 | D:1      | Reached XP level 1. HP: 10/10 MP: 7/7
   419 | D:1      | Reached XP level 2. HP: 15/15 MP: 1/9
  1353 | D:2      | Reached XP level 3. HP: 19/19 MP: 7/11
  1520 | D:2      | Reached skill level 5 in Spellcasting
  2037 | D:2      | Reached XP level 4. HP: 24/24 MP: 10/13
  2917 | D:3      | Reached skill level 1 in Shields
  3504 | D:3      | Reached XP level 5. HP: 26/28 MP: 1/14
  3604 | D:3      | Found a burning altar of Makhleb.
  3743 | D:3      | Found a basalt altar of Yredelemnul.
  4408 | D:3      | Noticed Sigmund
  4436 | D:3      | Killed Sigmund
  4437 | D:3      | Reached skill level 5 in Stealth
  4437 | D:3      | Reached XP level 6. HP: 20/32 MP: 7/15
  4754 | D:4      | Killed from afar by an orc wizard

Illustrated notes

Levels and vault maps discovered:
D:1:      dpeg_arrival_another_circle, layout_basic
D:2:      layout_loops_ring
D:3:      layout_loops_corners, makhleb_heckhound_becter,
          yredelemnul_forgotten_temple_becter, uniq_sigmund
D:4:      layout_basic, okawaru_ov_weapons_minmay, general_overflow_altar

Skill      XL: |  1  2  3  4  5 |
---------------+----------------+-----
Stealth        | 3 4 5 |  5.0
Conjurations   | 2 3 4 |  4.8
Spellcasting   | 5 |  5.0
Shields        | 1 2 |  2.7
Dodging        | |  2.4
Summonings     | |  1.1
Translocations | |  1.1

Action                   |  1- 3 |  4- 6 || total
-------------------------+-------+-------++-------
Melee: Dagger            |       |    51 ||    51
 Cast: Magic Dart        |    84 |   125 ||   209
 Stab: Sleeping          |       |     1 ||     1
Armor: Robe              |       |     9 ||     9
Dodge: Dodged            |     6 |    40 ||    46
Block: Buckler           |       |    18 ||    18
